 Dungeon Crawl Stone Soup version 0.22-a0-136-g83a10e5 (webtiles) character file.

91 mhoghedin the Magician (level 4, -3/24 HPs)
             Began as a Deep Elf Ice Elementalist on Feb 3, 2018.
             Slain by a worker ant zombie (4 damage)
             ... on level 3 of the Dungeon.
             The game lasted 00:05:11 (2755 turns).

mhoghedin the Magician (Deep Elf Ice Elementalist)  Turns: 2755, Time: 00:05:12

Health: -3/24      AC:  2    Str:  5    XL:     4   Next: 33%
Magic:  5/12       EV: 13    Int: 21    God:
Gold:   168        SH:  0    Dex: 15    Spells: 2/12 levels left

rFire    . . .     SeeInvis .   d - +0 short sword
rCold    . . .     Gourm    +   (no shield)
rNeg     . . .     Faith    .   a - +0 robe
rPois    .         Spirit   .   (no helmet)
rElec    .         Reflect  .   (no cloak)
rCorr    .         Harm     .   (no gloves)
MR       +....                  (no boots)
Stlth    ++........             m - amulet of the gourmand {Gourm, !d}
HPRegen  0.08/turn              f - ring of protection from magic {MR+, !d}
MPRegen  0.13/turn              (no ring)

@: very slightly contaminated
A: no striking features
a: no special abilities


You were on level 3 of the Dungeon.
You were not hungry.

You visited 1 branch of the dungeon, and saw 3 of its levels.

You collected 168 gold pieces.

Inventory:

Hand Weapons
 d - a +0 short sword (weapon)
   (You took it off a kobold on level 1 of the Dungeon)
Armour
 a - a +0 robe (worn)
Jewellery
 f - a ring of protection from magic (left hand) {MR+, !d}
   (You took it off an orc on level 3 of the Dungeon)
 m - an amulet of the gourmand (around neck) {Gourm, !d}
   (You found it on level 2 of the Dungeon)
Wands
 c - a wand of iceblast (12)
   (You found it on level 2 of the Dungeon)
Scrolls
 e - 2 scrolls of enchant armour {unknown}
 g - a scroll of enchant weapon {unknown}
 h - 2 scrolls of teleportation {unknown}
 q - a scroll of fog
 r - a scroll of identify
Potions
 i - a potion of invisibility {unknown}
 j - 3 potions of flight {unknown}
 n - 2 potions of curing {unknown}
 o - a potion of magic {unknown}
 p - 2 potions of lignification {!q}
Books
 b - a book of Frost
Comestibles
 l - 4 rations


   Skills:
 - Level 2.4 Dodging
 - Level 2.4 Stealth
 + Level 4.6 Spellcasting
 + Level 2.1 Conjurations
 + Level 0.3 Summonings
 + Level 4.4 Ice Magic


You had 2 spell levels left.
You knew the following spells:

 Your Spells              Type           Power        Failure   Level  Hunger
a - Freeze                Ice            ###.         1%          1    None
b - Summon Ice Beast      Ice/Summ       ##......     38%         4    ####...
x - Throw Frost           Conj/Ice       ###...       4%          2    #......
A - Ozocubu's Armour      Chrm/Ice       ##......     14%         3    ##.....


Dungeon Overview and Level Annotations

Branches:
Dungeon (3/15)

Altars:
Qazlal
Xom


Message History

t - Shout!
Orders for allies: a - Attack new target. r - Retreat! s - Stop attacking. g - Guard the area. f - Follow me.
Anything else - Cancel.
Gang up on whom?
Aim: an orc, wielding a war axe Attack!
Your ice beast hits the orc.
Your ice beast freezes the orc!
The orc dies!
The hobgoblin barely misses your ice beast.
You miscast Summon Ice Beast.
You feel a strange surge of energy!
You now have 0/12 mp.
The hobgoblin hits your ice beast with a club.
The orc hits your ice beast with a flail!
Your ice beast barely misses the orc.
The hobgoblin hits your ice beast with a club.
The orc hits your ice beast with a flail.
Your ice beast hits the hobgoblin.
Your ice beast freezes the hobgoblin.
The hobgoblin dies!
The orc barely misses your ice beast. The orc closely misses your ice beast.
The orc hits your ice beast with a flail.
Your ice beast misses the orc.
The orc barely misses your ice beast.
Your ice beast hits the orc.
Your ice beast freezes the orc.
The orc dies!
Your ice beast disappears in a puff of smoke!
You start resting.
You are feeling hungry.
Health restored: 24 You regained 2 mp, and now have 5/12 mp.
You eat one of the 5 rations.
That ration really hit the spot!
You start resting.
Your magical contamination has completely faded away.
You regained 3 mp, and now have 8/12 mp.
Things that are here:
a war axe; an orc corpse You regained 2 mp, and now have 10/12 mp.
Things that are here:
a falchion; an orc corpse A dart slug comes into view.
You see here a scroll labeled COFFAKHI CELAX.
e - 2 scrolls labeled COFFAKHI CELAX (gained 1)
The dart slug moves out of view.
The dart slug launches a dart at you. The slug dart misses you.
You see here a scroll of identify.
Aim: a dart slug (clinging)
You freeze the dart slug.
The ooze quivers.
The dart slug bites you.
You take 2 damage, and have 22/24 hp.
You now have 10/12 mp.
Aim: a dart slug (lightly wounded, clinging)
You freeze the dart slug.
You now have 9/12 mp.
Aim: a dart slug (severely wounded, clinging)
You freeze the dart slug. The dart slug launches a dart at you.
The slug dart hits you!
You take 4 damage, and have 18/24 hp.
You now have 8/12 mp.
Aim: a dart slug (severely wounded, clinging)
You freeze the dart slug.
You kill the dart slug!
You now have 7/12 mp.
r - a scroll of identify The worker ant zombie barely misses you.
The worker ant zombie misses you.
You see here a dagger.
A kobold comes into view.
The kobold shouts!
Aim: a worker ant zombie You freeze the worker ant zombie.
The worker ant zombie completely resists.
The ooze closely misses you. The worker ant zombie bites you.
The kobold throws a stone.
The stone hits you but does no damage.
You take 5 damage, and have 14/24 hp.
MASSIVE DAMAGE!!
You now have 8/12 mp.
Okay, then.
Unknown command.
You miscast Summon Ice Beast.
You are very lightly contaminated with residual magic.
You feel a strange surge of energy! The ooze hits you.
The worker ant zombie waves its antennae.
The worker ant zombie bites you.
* * * LOW HITPOINT WARNING * * *
You take 8 damage, and have 6/24 hp.
MASSIVE DAMAGE!!
You now have 4/12 mp.
The ooze hits you.
* * * LOW HITPOINT WARNING * * *
The worker ant zombie bites you.
* * * LOW HITPOINT WARNING * * *
The kobold throws a stone.
The stone misses you.
You take 5 damage, and have 1/24 hp.
MASSIVE DAMAGE!!
As you read the scroll labeled ROALIY NEPSIV, it crumbles to dust.
You feel blessed for a moment.
It was a scroll of remove curse.
The ooze barely misses you. The worker ant zombie bites you.
You die...

.##.## ##..### .##.#
##...## )##.#
###..########. ###.#
###.......... # #.#
###....).#### ...... #
#.######...###K).#######
...... ###.#......###
#....>....# ......
..#.#.###### #......)..#
...... ......#
#@Z....)..##Z.....
..<.###
#(J.)......#....$. ....#
#########..#......
....##### ##....#
........# #.#......
)..####.# #...###.. ##.#
#.... .#.# ##.#). .#.#
.##..


You could see an ooze, a worker ant zombie and a kobold.

Vanquished Creatures
  2 adders
  An ooze (D:1)
  6 dart slugs
  6 orcs
  A giant cockroach (D:1)
  3 goblins
  6 hobgoblins
  6 kobolds
  7 bats
  5 rats
43 creatures vanquished.

Vanquished Creatures (collateral kills)
  A dart slug (D:3)
  3 orcs (D:3)
  A hobgoblin (D:3)
5 creatures vanquished.

Grand Total: 48 creatures vanquished

Notes
Turn   | Place    | Note
-------+----------+-------------------------------------------
     0 | D:1      | mhoghedin the Deep Elf Ice Elementalist began the quest for the Orb.
     0 | D:1      | Reached XP level 1. HP: 10/10 MP: 6/6
   285 | D:1      | Reached XP level 2. HP: 15/15 MP: 4/8
   293 | D:1      | Learned a level 2 spell: Throw Frost
   748 | D:1      | Reached skill level 4 in Spellcasting
  1001 | D:1      | Reached skill level 4 in Ice Magic
  1020 | D:1      | Reached XP level 3. HP: 18/19 MP: 6/10
  1472 | D:1      | Found a shimmering altar of Xom.
  1552 | D:2      | Learned a level 3 spell: Ozocubu's Armour
  1680 | D:2      | Noticed an air elemental
  1681 | D:2      | Found a stormy altar of Qazlal.
  1685 | D:2      | Noticed a water elemental
  1685 | D:2      | Noticed a fire elemental
  1685 | D:2      | Noticed an earth elemental
  2494 | D:3      | Reached XP level 4. HP: 24/24 MP: 9/12
  2584 | D:3      | Reached skill level 2 in Conjurations
  2600 | D:3      | Learned a level 4 spell: Summon Ice Beast
  2753 | D:3      | HP: 6/24 [worker ant zombie (5)]
  2754 | D:3      | HP: 1/24 [worker ant zombie (5)]
  2755 | D:3      | Slain by a worker ant zombie

Vault maps used:
D:1:      dpeg_arrival_water_altar
D:2:      roderic_lattice_a, nicolae_qazlal_style_of_elements

Skill      XL: |  1  2  3  4 |
---------------+-------------+-----
Spellcasting   | 4 |  4.6
Ice Magic      | 4 |  4.4
Conjurations   | 2 |  2.1
Dodging        | |  2.4
Stealth        | |  2.4
Summonings     | |  0.3

Action                   |  1- 3 |  4- 6 || total
-------------------------+-------+-------++-------
Melee: Short sword       |    13 |     1 ||    14
 Cast: Freeze            |    53 |    12 ||    65
       Throw Frost       |     7 |       ||     7
       Ozocubu's Armour  |     1 |       ||     1
       Summon Ice Beast  |       |     1 ||     1
  Use: Scroll            |     3 |     1 ||     4
  Eat: Chunk             |     2 |     1 ||     3
       Ration            |     1 |     1 ||     2
Armor: Robe              |    12 |       ||    12
Dodge: Dodged            |    46 |    12 ||    58

Table legend:
 A = Spawn XP
 B = Non-spawn XP
 C = Spawn XP percentage of total XP
 D = Spawn monster count
 E = Non-spawn monster count
 F = Spawn count percentage of total count
 G = Total turns spent on level
                    A         B        C        D         E        F      G
               +---------+---------+-------+---------+---------+-------+---------
         Total |       0 |     130 |   0.0 |       0 |      48 |   0.0 |  2755
               +---------+---------+-------+---------+---------+-------+---------
           D:1 |       0 |      54 |   0.0 |       0 |      23 |   0.0 |  1526
           D:2 |       0 |      41 |   0.0 |       0 |      13 |   0.0 |   960
           D:3 |       0 |      35 |   0.0 |       0 |      12 |   0.0 |   269
               +---------+---------+-------+---------+---------+-------+---------

Vault maps used:
D:1:      dpeg_arrival_water_altar
D:2:      roderic_lattice_a, nicolae_qazlal_style_of_elements

Table legend:
 A = Turns spent in this place as a percentage of turns spent in the entire game.
 B = Non-inter-level travel turns spent in this place as a percentage of non-inter-level travel turns spent in the entire game.
 C = Inter-level travel turns spent in this place as a percentage of turns spent in this place.
 D = Turns resting spent in this place as a percentage of non-inter-level travel turns spent in this place.
 E = Turns spent auto-exploring this place as a percentage of non-inter-level travel turns spent in this place.
 F = Non-inter-level travel turns spent in this place divided by the number of levels of this place that you've seen.
                   A       B       C       D       E      F
               +-------+-------+-------+-------+-------+----------------------
         Total | 100.0 | 100.0 |   3.0 |  41.3 |  43.6 | 890.3
       Dungeon | 100.0 | 100.0 |   3.0 |  41.3 |  43.6 | 890.3
               +-------+-------+-------+-------+-------+----------------------

Table legend:
 A = Kills in this place as a percentage of kills in entire the game.
 B = Kills by you in this place as a percentage of kills by you in the entire game.
 C = Kills by friends in this place as a percentage of kills by friends in the entire game.
 D = Other kills in this place as a percentage of other kills in the entire game.
 E = Experience gained in this place as a percentage of experience gained in the entire game.
 F = Experience gained in this place divided by the number of levels of this place that you have seen.
                   A       B       C       D       E      F
               +-------+-------+-------+-------+-------+----------------------
         Total | 100.0 | 100.0 | 100.0 |   N/A | 100.0 |  43.3
       Dungeon | 100.0 | 100.0 | 100.0 |   N/A | 100.0 |  43.3
               +-------+-------+-------+-------+-------+----------------------
